 Dungeon Crawl Stone Soup version 0.30-a0-691-g754fce4c43 (webtiles) character file.

Game seed: 13280599829046066583

86 testman the Magician (level 4, 0/34 HPs)
             Began as a Djinni Warper on Jan 18, 2023.
             Slain by Grinder (3 damage)
             ... while paralysed by Grinder
             ... on level 3 of the Dungeon on Jan 19, 2023.
             The game lasted 00:06:39 (1758 turns).

testman the Magician (Djinni Warper)                Turns: 1758, Time: 00:06:40

Health: 0/34       AC:  3    Str: 10    XL:     4   Next: 77%
Gold:   116        EV:  2    Int: 15    God:
                   SH:  0    Dex: 14

rFire   + + .      SeeInvis .    a - +0 falchion
rCold   x . .      Faith    +    (no shield)
rNeg    . . .      Spirit   .    b - +0 leather armour
rPois   ∞          Reflect  .    (no helmet)
rElec   .          Harm     .    (no cloak)
rCorr   .          Rampage  .    (no gloves)
Will    .....                    (boots unavailable)
Stlth   +                        g - amulet of faith
HPRegen 0.25/turn                (no ring)
MPRegen 0.00/turn                (no ring)

@: paralysed, flying
A: sickness immunity, fire resistance 2, cold vulnerability 1, float, innate
caster, HP casting, extra vitality 1
a: no special abilities


You were on level 3 of the Dungeon.
You visited 1 branch of the dungeon, and saw 3 of its levels.

You collected 116 gold pieces.

Inventory:

Hand Weapons
 a - a +0 falchion (weapon)
 f - a +1 dagger of venom
Missiles
 d - 7 boomerangs of dispersal (quivered)
Armour
 b - a +0 leather armour (worn)
Jewellery
 g - an amulet of faith (around neck)
Scrolls
 c - a scroll of blinking
 e - a scroll of silence {unknown}
 h - a scroll of fear {unknown}
 m - a scroll of summoning {unknown}
 o - a scroll of enchant armour {unknown}
Potions
 i - a potion of brilliance {unknown}
 k - a potion of haste {unknown}
 l - a potion of flight {unknown}
 n - a potion of curing


   Skills:
 + Level 2.8 Fighting
 + Level 2.6 Long Blades
 - Level 1.1 Throwing
 - Level 1.3 Armour
 - Level 2.5 Dodging
 + Level 2.8 Spellcasting


You couldn't memorise any spells.
You knew the following spells:

 Your Spells              Type           Power      Damage    Failure   Level
a - Blink                 Tloc           20%        N/A       12%         2
b - Lesser Beckoning      Tloc           20%        N/A       12%         2
c - Vhi's Electric Charg  Tloc/Air       20%        N/A       24%         3
d - Teleport Other        Tloc           10%        N/A       24%         3
e - Manifold Assault      Tloc           10%        N/A       63%         4
f - Kiss of Death         Conj/Necr      40%        2d8       9%          1
Your spell library was empty.

Dungeon Overview and Level Annotations

Branches:
Dungeon (3/15)

Altars:

Annotations:
D:3 Grinder


Innate Abilities, Weirdness & Mutations

You are immune to sickness and miasma.
You are immune to poison.
Your flesh is very heat resistant. (rF++)
You are vulnerable to cold. (rC-)
You float through the air rather than walking.
You learn spells naturally, not from books.
Your magical power is your life essence.
You have superior vitality. (+4 MHP)


Message History

Grinder is moderately wounded.
Grinder barely misses you.
You hit Grinder.
Grinder is heavily wounded.
Grinder hits you!
You hit Grinder.
Grinder looks even sicker.
Grinder is heavily wounded.
Grinder hits you.
* * * LOW HITPOINT WARNING * * *
You feel much better. Grinder hits you.
You writhe in agony.
You barely miss Grinder.
Grinder is heavily wounded.
Grinder gestures at you. You resist with significant effort.
You hit Grinder.
Grinder is severely wounded.
Grinder gestures at you.
You suddenly lose the ability to move!
Grinder hits you but does no damage. Grinder barely misses you.
Grinder blinks!
You can move again.
Your +1 dagger of venom stops dripping with poison.
a - a +0 falchion (weapon)
You closely miss Grinder.
Grinder is severely wounded.
Grinder gestures at you. Pain shoots through your body!
* * * LOW HITPOINT WARNING * * *
You feel much better. Grinder hits you but does no damage.
You closely miss Grinder.
Grinder is severely wounded.
Grinder gestures at you.
You suddenly lose the ability to move!
Grinder hits you!
You writhe in agony.
* * * LOW HITPOINT WARNING * * *
Grinder hits you.
* * * LOW HITPOINT WARNING * * *
You writhe in agony.
You die...

.# #.# #.# ###########.#
...........##.# #####
##..#######.##.##..... ...)###
##.##......# .
.......##........# .. #.g#
#......5@...# ...#.S#
####..#.....####.# ......#
#..#..#.......# .##
#..#..######..#.##.#######...
........).....#[##.# #...#
#.########.........# #...# .
########.##......# #...# ##
#........##>#.##.######...##.#
#........##...##.##.........#.#


You could see Grinder (poisoned).

Vanquished Creatures
  2 adders (D:3)
  An ufetubus (D:3)
  A dart slug (D:1)
  2 orcs (D:3)
  4 bats
  6 endoplasms
  3 giant cockroaches (D:1)
  8 goblins
  4 hobgoblins
  5 jackals
  4 kobolds
  2 quokkas
  3 ball pythons
  3 frilled lizards
  2 rats
50 creatures vanquished.

Notes
Turn   | Place    | Note
-------+----------+-------------------------------------------
     0 | D:1      | testman the Djinni Warper began the quest for the Orb.
     0 | D:1      | testman set off with the following spells memorised: Blink,
                  | Lesser Beckoning, Vhi's Electric Charge, Teleport Other,
                  | Manifold Assault.
     0 | D:1      | Reached XP level 1. HP: 18/18 MP: 0/0
    82 | D:1      | Reached XP level 2. HP: 22/23 MP: 0/0
    97 | D:1      | Reached skill level 1 in Throwing
   207 | D:1      | Reached XP level 3. HP: 14/28 MP: 0/0
   207 | D:1      | Learned a level 1 spell: Kiss of Death
   216 | D:1      | Upgraded the game from 0.30-a0-672-gc3a7216ad8 to
                  | 0.30-a0-691-g754fce4c43
  1098 | D:2      | Reached XP level 4. HP: 28/34 MP: 0/0
  1721 | D:3      | Noticed Grinder
  1724 | D:3      | Paralysed by Grinder for 5 turns
  1747 | D:3      | Paralysed by Grinder for 3 turns
  1756 | D:3      | Paralysed by Grinder for 5 turns
  1758 | D:3      | Slain by Grinder

Illustrated notes

Levels and vault maps discovered:
D:1:      lightli_arrival_statue_moat, layout_rooms
D:2:      layout_loops_ring, minmay_misc_feat_room
D:3:      layout_loops_cross, uniq_grinder, uniq_robin

Skill      XL: |  1  2 |
---------------+-------+-----
Long Blades    | 2 |  2.6
Throwing       | 1 |  1.1
Fighting       | |  2.8
Armour         | |  1.3
Dodging        | |  2.5
Spellcasting   | |  2.8

Action                   |  1- 3 |  4- 6 || total
-------------------------+-------+-------++-------
Melee: Falchion          |    60 |     2 ||    62
       Dagger            |    68 |    56 ||   124
 Cast: Kiss of Death     |     1 |       ||     1
  Use: Potion            |       |     3 ||     3
Armor: Leather armour    |    44 |     9 ||    53
Dodge: Dodged            |    94 |    28 ||   122

Table legend: (Time is in decaauts)
 A = Elapsed time spent in this place.
 B = Non-inter-level travel time spent in this place.
 C = Inter-level travel time spent in this place.
 D = Time resting spent in this place.
 E = Time spent auto-exploring this place.
 F = Levels seen in this place.
 G = Mean time per level.
                   A        B        C        D        E       F      G
               +--------+--------+--------+--------+--------+-----+--------+
         Total |   1761 |   1695 |     66 |     37 |   1254 |   3 |  587.0 |
       Dungeon |   1761 |   1695 |     66 |     37 |   1254 |   3 |  587.0 |
               +--------+--------+--------+--------+--------+-----+--------+

Top non-repeatable levels by time:
     D:1: 788 daAuts
     D:2: 749 daAuts
     D:3: 222 daAuts
